 Dungeon Crawl Stone Soup version 0.28.0-43-g3370ac3207 (webtiles) character file.

Game seed: 8883471086717488144

88 Descartes the Vexing (level 4, -6/22 HPs)
             Began as a Spriggan Wanderer on Mar 20, 2022.
             Killed by divine providence
             ... invoked by an orc priest
              (13 damage)
             ... on level 3 of the Dungeon.
             The game lasted 00:11:16 (3675 turns).

Descartes the Vexing (Spriggan Wanderer)            Turns: 3675, Time: 00:11:17

Health: -6/22      AC:  3    Str: 11    XL:     4   Next: 29%
Magic:  8/10       EV: 15    Int: 14    God:
Gold:   145        SH:  5    Dex: 12    Spells: 5/9 levels left

rFire   . . .      SeeInvis +   a - +0 dagger
rCold   + . .      Faith    .   c - +0 buckler
rNeg    . . .      Spirit   .   b - +0 robe
rPois   .          Reflect  .   (helmet restricted)
rElec   .          Harm     .   m - +0 cloak
rCorr   .          Rampage  .   (gloves unavailable)
Will    .....                   (boots unavailable)
Stlth   ++........              v - amulet of magic regeneration
HPRegen 0.07/turn               f - ring of protection from cold
MPRegen 0.52/turn               (no ring)

@: very slightly contaminated, very quick
A: very small, no large weapons, unfitting armour, see invisible, speed 3
a: no special abilities


You were on level 3 of the Dungeon.
You visited 1 branch of the dungeon, and saw 3 of its levels.

You collected 145 gold pieces.

Inventory:

Hand Weapons
 a - a +0 dagger (weapon)
 j - a +1 mace of distortion
Missiles
 k - 2 boomerangs (quivered)
 l - 54 sling bullets
 q - 90 stones
 w - 3 boomerangs of dispersal
Armour
 b - a +0 robe (worn)
 c - a +0 buckler (worn)
 m - a +0 cloak (worn)
Jewellery
 f - a ring of protection from cold (left hand)
 v - an amulet of magic regeneration (around neck)
Scrolls
 g - 2 scrolls of enchant weapon {unknown}
 h - a scroll of fog {unknown}
 n - a scroll of amnesia {unknown}
 o - a scroll of teleportation {unknown}
 p - a scroll of holy word {unknown}
 r - a scroll of noise {unknown}
Potions
 d - a potion of flight {unknown}
 e - a potion of cancellation {unknown}
 i - a potion of brilliance {unknown}
 s - a potion of mutation {unknown}
 t - a potion of curing {unknown}
 u - a potion of heal wounds {unknown}


   Skills:
 - Level 1.0 Fighting
 + Level 2.4 Dodging
 + Level 2.5 Stealth
 + Level 1.4 Shields
 + Level 3.3 Spellcasting
 + Level 0.0 Conjurations
 + Level 5.3 Hexes
 + Level 0.2 Air Magic
 + Level 1.7 Poison Magic


You had 5 spell levels left.
You knew the following spells:

 Your Spells              Type           Power      Damage    Failure   Level
a - Sting                 Tmut/Pois      16%        1d3       30%         1
b - Mephitic Cloud        Conj/Pois/Air  4%         N/A       69%         3

Your spell library contained the following spells:

 Spells                   Type           Power      Damage    Failure   Level
 Slow                     Hex            68%        N/A       4%          1
 Confusing Touch          Hex            17%        N/A       16%         3
 Ensorcelled Hibernation  Hex/Ice        18%        N/A       22%         2
 Summon Guardian Golem    Hex/Summ       9%         N/A       41%         3
 Passwall                 Tmut/Erth      1%         N/A       54%         2
 Swiftness                Air            3%         N/A       75%         3


Dungeon Overview and Level Annotations

Branches:
Dungeon (3/15)

Altars:
Elyvilon

Shops:
D:2 [


Innate Abilities, Weirdness & Mutations

You are very small and have problems with some larger weapons.
You are too small for most types of armour.
You have supernaturally acute eyesight. (SInv)
You cover ground extremely quickly. (Speed+++)


Message History

Press: ? - help, Shift-Dir - straight line, p - orc priest
Okay, then.
Casting: Sting (safe; 30% risk of failure)
Confirm with . or Enter, or press ? or * to list all spells.
Aiming: Sting (safe; 30% risk of failure)
Press: ? - help, Shift-Dir - straight line, f/p - orc priest
Aim: an orc priest, wielding a +0 short sword (moderately wounded, 64% to hit)
The sting hits the orc priest.
The orc priest is poisoned.
The orc priest is moderately wounded.
The orc priest calls down the wrath of Beogh upon you.
You struggle to resist.
Casting: Sting (safe; 30% risk of failure)
Confirm with . or Enter, or press ? or * to list all spells.
Aiming: Sting (safe; 30% risk of failure)
Press: ? - help, Shift-Dir - straight line, f/p - orc priest
Aim: an orc priest, wielding a +0 short sword (moderately wounded, poisoned, 64% to hit)
The sting hits the orc priest but does no damage.
The orc priest looks even sicker.
The orc priest is moderately wounded.
The orc priest hits you with a +0 short sword.
Casting: Sting (safe; 30% risk of failure)
Confirm with . or Enter, or press ? or * to list all spells.
Aiming: Sting (safe; 30% risk of failure)
Press: ? - help, Shift-Dir - straight line, f/p - orc priest
Aim: an orc priest, wielding a +0 short sword (moderately wounded, very poisoned, 64% to hit)
The sting hits the orc priest.
The orc priest looks even sicker.
The orc priest is heavily wounded.
The orc priest misses you.
Casting: Sting (safe; 30% risk of failure)
Confirm with . or Enter, or press ? or * to list all spells.
Aiming: Sting (safe; 30% risk of failure)
Press: ? - help, Shift-Dir - straight line, f/p - orc priest
Aim: an orc priest, wielding a +0 short sword (severely wounded, very poisoned, 64% to hit)
You miscast Sting.
You are very lightly contaminated with residual magic.
Nothing appears to happen.
The orc priest calls down the wrath of Beogh upon you.
Beogh smites you!
Ouch! That really hurt!
You die...

*,,*#...# *,,,,,,,,
************,,*#...# *,,,,,,,,
,,,*,,,,,,,,,,*#...# *,,,,,,..
**,*,********,*#...# #######'#
,,,*,* *,*#...# #.......# ****,*
****,*#...######.......#
****,*****,,,,,+.......#.........
,,,,,,,,,#.##.##...###.#.......[.
,,,,,,,,,.....)o@[.............#*
,,,,,,,,,......................#
,,,,,,,,,................#######
,,,,,,,,,................########
,********#############..........>
,*,,,,,,,,,,,,,,,,,,,#.....######
,*,,,,,,,,,,,,,,,,,,,#...#.#***,,
,*,,,,,,,,,,,,),,,,,,#...#.#*,,,,
,*,*****'*********,,,#...#.#..,##


You could see an orc priest (very poisoned).

Vanquished Creatures
  An iguana (D:3)
  An adder (D:1)
  4 orcs
  6 bats
  4 endoplasms
  3 giant cockroaches
  4 hobgoblins
  4 jackals
  2 quokkas (D:1)
  3 ball pythons
  4 goblins
  3 kobolds (D:2)
  6 rats
45 creatures vanquished.

Vanquished Creatures (others)
  A fungus (D:3)
1 creature vanquished.

Grand Total: 46 creatures vanquished

Notes
Turn   | Place    | Note
-------+----------+-------------------------------------------
     0 | D:1      | Descartes the Spriggan Wanderer began the quest for the
                  | Orb.
     0 | D:1      | Descartes set off with the following items: a +0 dagger, a
                  | +0 robe, a +0 buckler; and the following spells available
                  | to memorise: Slow, Confusing Touch, Sting, Summon Guardian
                  | Golem, Mephitic Cloud
     0 | D:1      | Reached XP level 1. HP: 10/10 MP: 5/5
     2 | D:1      | Learned a level 1 spell: Sting
   132 | D:1      | Found a faded altar of an unknown god.
   579 | D:1      | Reached skill level 1 in Stealth
   579 | D:1      | Reached XP level 2. HP: 13/14 MP: 2/6
   778 | D:1      | Reached skill level 5 in Hexes
  1472 | D:2      | Found Qijextyo's Antique Armour Boutique.
  1529 | D:1      | Reached XP level 3. HP: 18/18 MP: 1/8
  2288 | D:3      | Reached XP level 4. HP: 22/22 MP: 4/9
  2611 | D:3      | Learned a level 3 spell: Mephitic Cloud
  2661 | D:3      | Found a white marble altar of Elyvilon.
  3675 | D:3      | Killed from afar by an orc priest

Illustrated notes

Levels and vault maps discovered:
D:1:      dpeg_arrival_rooms_with_view, layout_basic,
          shapermc_ecumenical_altar_venn, dk_noncrumbling_4
D:2:      layout_rooms, serial_shops, nicolae_shop_stone, hex_tiny
D:3:      layout_basic, elyvilon_altar_1, minmay_puff

Skill      XL: |  1  2  3 |
---------------+----------+-----
Stealth        | 1 2 |  2.5
Hexes          | 5 |  5.3
Dodging        | 2 |  2.4
Spellcasting   | 3 |  3.3
Fighting       | |  1.0
Shields        | |  1.4
Air Magic      | |  0.2
Poison Magic   | |  1.7

Action                   |  1- 3 |  4- 6 || total
-------------------------+-------+-------++-------
Melee: Dagger            |    22 |     5 ||    27
 Cast: Sting             |    70 |    30 ||   100
 Stab: Sleeping          |       |     1 ||     1
Armor: Robe              |    20 |       ||    20
Dodge: Dodged            |    55 |     5 ||    60
Block: Buckler           |    19 |     5 ||    24
